 Dungeon Crawl Stone Soup version 0.28.0-53-g5a82cb258f (webtiles) character file.

Game seed: 15806894987311835759

193 jjjjhere the Chopper (level 5, -2/38 HPs)
             Began as a Minotaur Enchanter on Nov 2, 2022.
             Was a Follower of Uskayaw.
             Killed by divine providence
             ... invoked by an orc priest
              (16 damage)
             ... on level 4 of the Dungeon.
             The game lasted 00:04:05 (4171 turns).

jjjjhere the Chopper (Minotaur Enchanter)           Turns: 4171, Time: 00:04:06

Health: -2/38      AC: 13    Str: 15    XL:     5   Next: 44%
Magic:  15/15      EV:  4    Int: 12    God:    Uskayaw [*.....]
Gold:   73         SH:  0    Dex: 10    Spells: 4/6 levels left

rFire   . . .      SeeInvis .   j - +0 hand axe
rCold   . . .      Faith    .   (no shield)
rNeg    . . .      Spirit   .   k - +0 plate armour
rPois   .          Reflect  .   (helmet restricted)
rElec   .          Harm     .   (no cloak)
rCorr   .          Rampage  .   (no gloves)
Will    +....                   f - +2 pair of boots
Stlth   ..........              (no amulet)
HPRegen 0.12/turn               m - ring of willpower
MPRegen 0.14/turn               h - ring of magical power

@: lethally poisoned (-2 -> -3)
A: horns 2, retaliatory headbutt
a: Renounce Religion, Stomp


You were on level 4 of the Dungeon.
You worshipped Uskayaw.
Uskayaw was noncommittal.
You visited 1 branch of the dungeon, and saw 4 of its levels.

You collected 73 gold pieces.

Inventory:

Hand Weapons
 a - a +1 dagger
 d - a +0 mace
 j - a +0 hand axe (weapon)
Missiles
 p - 6 poisoned darts (quivered)
Armour
 f - a +2 pair of boots (worn)
 k - a +0 plate armour (worn)
Jewellery
 h - a ring of magical power (right hand)
 m - a ring of willpower (left hand)
Wands
 q - a wand of paralysis (5)
Scrolls
 e - a scroll of teleportation {unknown}
Potions
 c - a potion of invisibility
 i - 2 potions of brilliance {unknown}
 n - a potion of curing
 o - a potion of might
 r - 2 potions of haste {unknown}
 t - a potion of magic {unknown}
 u - a potion of flight {unknown}


   Skills:
 - Level 1.1 Short Blades
 + Level 5.5(5.9) Axes
 - Level 2.7(4.5) Maces & Flails
 - Level 2.1 Dodging
 - Level 2.4 Stealth
 - Level 1.3 Spellcasting
 - Level 2.0 Hexes


You had 4 spell levels left.
You knew the following spells:

 Your Spells              Type           Power      Damage    Failure   Level
a - Ensorcelled Hibernat  Hex/Ice        6%         N/A       100%        2

Your spell library contained the following spells:

 Spells                   Type           Power      Damage    Failure   Level
 Confusing Touch          Hex            5%         N/A       100%        3
 Dazzling Flash           Conj/Hex       6%         N/A       100%        3
 Tukima's Dance           Hex            5%         N/A       100%        3


Dungeon Overview and Level Annotations

Branches:
Dungeon (4/15)
 Temple: D:4-7

Altars:
Ru
Uskayaw

Annotations:
D:2 1 runed translucent door, Crazy Yiuf, Terence


Innate Abilities, Weirdness & Mutations

You have a pair of horns on your head.
You reflexively headbutt those who attack you in melee.


Message History

You drop a +0 robe.
You drop a +0 pair of boots.
A scorpion comes into view.
A scorpion is nearby!
A howler monkey comes into view.
Found a stone staircase leading down.
The howler monkey howls!
You see here an Inescapable Atlas.
You closely miss the scorpion. The scorpion stings you.
You are poisoned.
The scorpion poisons you!
You barely miss the scorpion. Your headbutt misses the scorpion.
You feel very sick. The scorpion stings you.
You are too injured to fight recklessly!
You are too injured to fight recklessly!
You hit the scorpion.
The scorpion is moderately wounded.
You hit the howler monkey.
You feel sick. The howler monkey hits you. The scorpion barely misses you.
You feel sick.
Found a whip.
You feel sick.
The howler monkey hoots and howls with incredible vigour!
The scorpion stings you but does no damage.
You hear a shout! x3
You hit the scorpion but do no damage.
The scorpion is moderately wounded.
You hit the howler monkey.
You feel sick.
The scorpion stings you but does no damage.
The howler monkey hits you but does no damage.
You hit the scorpion but do no damage.
The scorpion is moderately wounded.
You closely miss the howler monkey.
You feel sick.
An orc priest comes into view. It is wielding a +0 hand axe.
The scorpion stings you but does no damage.
The howler monkey hits you.
You feel sick.
The orc priest mumbles some strange prayers to Beogh against you.
Beogh smites you!
You die...

.. ......... . ..
.......o....) .#.
.###.............
.(...................#
...##................
#...................
#.................
#...[<...........
##.....@s....# #
#######......h....#8..8
####.............:......>.
##..........#.....?........
#...........#.........#8..8
......................# ..#
......#.#.#.#.#......... ##
.........................
...).#.#.#.#.#.#........##


You could see a scorpion, a howler monkey and an orc priest.

Vanquished Creatures
  A hound (D:3)
  An orc priest (D:3)
  5 adders
  A worm (D:4)
  2 dart slugs
  15 orcs
  4 ball pythons
  7 endoplasms
  3 giant cockroaches (D:1)
  7 hobgoblins
  2 jackals (D:4)
  5 kobolds
  2 quokkas (D:1)
  A bat (D:3)
  3 frilled lizards
  4 goblins
  4 rats (D:3)
67 creatures vanquished.

Notes
Turn   | Place    | Note
-------+----------+-------------------------------------------
     0 | D:1      | jjjjhere the Minotaur Enchanter began the quest for the
                  | Orb.
     0 | D:1      | Reached XP level 1. HP: 14/14 MP: 1/1
    68 | D:1      | Reached skill level 1 in Maces & Flails
   302 | D:1      | Reached XP level 2. HP: 14/20 MP: 3/3
   400 | D:1      | Learned a level 2 spell: Ensorcelled Hibernation
   716 | D:1      | Found a faded altar of an unknown god.
   719 | D:1      | Prayed at the altar of an unknown god.
   719 | D:1      | Became a worshipper of Uskayaw the Reveller
   719 | D:1      | Reached * piety under Uskayaw
   995 | D:2      | Reached ** piety under Uskayaw
  1000 | D:2      | HP: 6/20 [poisoned by an adder]
  1001 | D:2      | Reached skill level 1 in Axes
  1001 | D:2      | Reached XP level 3. HP: 8/26 MP: 4/4
  1381 | D:2      | Found a runed translucent door.
  1382 | D:2      | Noticed Crazy Yiuf
  1512 | D:2      | Reached skill level 2 in Axes
  1981 | D:2      | Noticed Terence
  2420 | D:3      | Reached skill level 3 in Axes
  2529 | D:3      | Reached XP level 4. HP: 24/33 MP: 5/5
  2535 | D:3      | Reached *** piety under Uskayaw
  2570 | D:3      | Reached skill level 4 in Axes
  2749 | D:3      | Reached **** piety under Uskayaw
  3111 | D:3      | Reached skill level 5 in Axes
  3111 | D:3      | Reached XP level 5. HP: 33/38 MP: 6/6
  3584 | D:3      | Found a faded altar of an unknown god.
  3588 | D:3      | Found a sacrificial altar of Ru.
  4171 | D:4      | Killed from afar by an orc priest

Illustrated notes

Levels and vault maps discovered:
D:1:      lightli_arrival_maybe_door_vault, layout_basic,
          hellmonk_ecumenical_altar_inner_sanctum
D:2:      layout_loops_corners, serial_aquarium, aquarium_bridge_straight
          [aquarium_subvault_bridge, aquarium_subvault_wall,
          aquarium_subvault_bridge, aquarium_subvault_window],
          aquarium_bridge_straight [aquarium_subvault_bridge,
          aquarium_subvault_wall, aquarium_subvault_bridge,
          aquarium_subvault_wall], aquarium_window_fake,
          aquarium_window_corridor_2, aquarium_view_2a, aquarium_view_2a,
          aquarium_pool_split, uniq_crazy_yiuf_cottage, uniq_terence
D:3:      layout_loops_corners, nicolae_overflow_ecumenical_swirl
D:4:      layout_rooms, minmay_misc_feat_pillars, st_stairs_6

Skill      XL: |  1  2  3  4 |
---------------+-------------+-----
Maces & Flails | 2 |  2.7
Axes           | 1 3 5 |  5.5
Short Blades   | |  1.1
Dodging        | |  2.1
Stealth        | |  2.4
Spellcasting   | |  1.3
Hexes          | |  2.0

Action                   |  1- 3 |  4- 6 || total
-------------------------+-------+-------++-------
Melee: Dagger            |    37 |       ||    37
       Headbutt          |    12 |    16 ||    28
       Hand axe          |    45 |   105 ||   150
       Punch             |       |     1 ||     1
 Cast: Ensorcelled Hiber |     1 |       ||     1
  Use: Scroll            |       |     3 ||     3
 Stab: Sleeping          |     4 |       ||     4
       Paralysed         |       |     1 ||     1
Armor: Robe              |     1 |       ||     1
       Plate armour      |    46 |    67 ||   113
Dodge: Dodged            |    19 |    22 ||    41
